AoeStats
← paulgabduggan

MegaRandom

504348567Analyzed
1v1 RM · 27d ago on Sep 5, 2026· 45m 14s· 2 players
Game mode
Random Map
Map size
Tiny (2 player)
Population
200
Speed
Normal
Resources
Standard
Victory
Conquest
Starting age
Dark Age
Ending age
Imperial Age
RankedLock teamsTeams togetherTeam positionsShared explorationLock speedFull tech treeHidden civsTurbo modeCheats
Victory
Defeat
🇨🇱 Italians · Chile
1573
+16
🇺🇸 Mongols · United States
1575
-16
Alan_99
10:15 Loom
12:45 Feudal Age
18:51 Castle Age
16:52 Double-Bit Axe
18:15 Stone Mining
19:01 Fletching
20:07 Fishing Lines
21:35 Bodkin Arrow
21:58 Padded Archer Armor
21:50 Gold Mining
22:10 Gillnets
27:30 Leather Archer Armor
34:40 Imperial Age
35:24 Bracer
36:30 Chemistry
37:53 Scale Barding Armor
38:53 Wheelbarrow
39:26 Husbandry
39:37 Bloodlines
40:10 Ballistics
39:55 Siphons
39:15 Light Cavalry
41:18 Chain Barding Armor
44:18 Plate Barding Armor
44:48 Conscription
44:48 Hand Cart
44:20 Town Watch
45:09 Ring Archer Armor
paulgabduggan
7:13 Loom
9:37 Feudal Age
10:14 Double-Bit Axe
17:53 Castle Age
16:34 Gold Mining
16:25 Horse Collar
18:06 Fletching
18:57 Bodkin Arrow
20:58 Elite Skirmisher
21:41 Padded Archer Armor
22:34 Bow Saw
26:55 Ballistics
26:40 Heavy Plow
28:44 Wheelbarrow
35:49 Imperial Age
37:35 Chemistry
37:29 Bracer
39:10 Siege Engineers
41:01 Hand Cart
41:48 Leather Archer Armor
Connection lost

Rejoining the realm…

Still unreachable

The connection could not be restored.

Session expired

The server has moved on; the page needs a fresh start.